Cogmind - Beta 9.3 @@@ ROGUE MODE // 2019.12.25 @ 08:33:27 Player: alice_fexa Result: Destroyed by G-34 Mercenary with Small Laser Performance ------------- Evolutions (0) 0 Regions Visited (1) 200 Robots Destroyed (4) 20 Value Destroyed (146) 146 Prototype IDs (0) 0 Alien Tech Used (0) 0 Bonus (0) 0 TOTAL SCORE: 366 Bonus ------- None Cogmind --------- Core Integrity 0/250 Matter 300/300 Energy 100/100 System Corruption 0% Temperature Cool (12) Movement Treading (160) Location -10/Materials Parts ------- > --- POWER (1) -------- (None) > --- PROPULSION (2) --- Light Treads > --- UTILITY (2) ------ Small Storage Unit > --- WEAPON (2) ------- (None) > --- INVENTORY (6) ---- Ion Engine Light Ion Engine Wheel Compact Wheel Peak State ------------ > --- POWER ------------ Ion Engine > --- PROPULSION ------- Light Treads Wheel > --- UTILITY ---------- Small Storage Unit > --- WEAPON ----------- Medium Laser Medium Laser > --- INVENTORY -------- Light Treads EM Pulse Gun [Rating: 6] Favorites ----------- Power Ion Engine Engine Ion Engine Propulsion Light Treads Treads Light Treads Wheel Wheel Utility Small Storage Unit Storage Small Storage Unit Weapon Medium Laser Energy Gun Medium Laser Build | -11 -10 ------- Run | Scr Mat Slots Evolved . | . . Power . | . . Propulsion . | . . Utility . | . . Weapon . | . . Parts Attached 8 | 6 2 Power 1 | 1 . Engine 1 | 1 . Core . | . . Reactor . | . . Propulsion 3 | 2 1 Treads 2 | 1 1 Leg . | . . Wheel 1 | 1 . Hover . | . . Flight . | . . Utility 1 | 1 . Device . | . . Storage 1 | 1 . Processor . | . . Hackware . | . . Protection . | . . Artifact . | . . Weapon 3 | 2 1 Energy Gun 3 | 2 1 Energy Cannon . | . . Ballistic Gun . | . . Ballistic Cannon . | . . Launcher . | . . Special Weapon . | . . Impact Weapon . | . . Slashing Weapon . | . . Piercing Weapon . | . . Special Melee Weapon . | . . Unidentified Prototypes . | . . Parts Lost 6 | . 6 Power 1 | . 1 Propulsion 2 | . 2 Utility . | . . Weapon 3 | . 3 Highest Loss Streak 3 | . 3 Average Slot Usage (%) 62 | . 62 Engine 9 | . 9 Treads 14 | . 14 Wheel 9 | . 9 Storage 14 | . 14 Energy Gun 14 | . 14 Naked Turns . | . . Heaviest Build 13 | 13 13 Greatest Support 20 | 20 20 Greatest Overweight (x) 1 | 1 1 Average Overweight (x) . | . . Largest Inventory Capacity 6 | 6 6 Average Capacity 5 | 5 6 Most Carried 6 | 4 6 Average Carried 4 | 2 5 Final Capacity 6 | 6 6 Final Carried 4 | 4 4 Class Distribution -------------------- 100% | Mutant Dominant Class ---------------- Mutant | -10/Materials Resources | -11 -10 ----------- Run | Scr Mat Matter Collected 245 | 179 66 Remotely . | . . Salvage Created 134 | . 134 Parts 6 | . 6 Haulers Intercepted . | . . Recyclers Shooed . | . . Parts Field Recycled . | . . Retrieved Matter . | . . Parts Self-Destructed . | . . Prevented . | . . Kills | -11 -10 ------- Run | Scr Mat Combat Hostiles Destroyed 3 | . 3 AOE 3 | . 3 Classes Destroyed 2 | . 2 Worker 1 | . 1 Grunt 3 | . 3 Best Kill Streak 3 | . 3 Combat Bots Only 3 | . 3 Max Kills in Single Turn 3 | . 3 Gunslinging . | . . Exploded 3 | . 3 Melee . | . . Uniques/NPCs Destroyed . | . . Combat | -11 -10 -------- Run | Scr Mat Damage Taken 800 | . 800 Core 259 | . 259 Absorbed by Shields . | . . Core Remaining (%) 100 | 100 . Volleys Fired 16 | . 16 Largest 2 | . 2 Hottest 100 | . 100 Shots Fired 19 | . 19 Gun 19 | . 19 Cannon . | . . Launcher . | . . Special . | . . Kinetic . | . . Thermal 6 | . 6 Explosive . | . . Electromagnetic 13 | . 13 Robot Hit Streak 6 | . 6 Robot Miss Streak 2 | . 2 Penetration Max . | . . Secondary Targets . | . . Shots Hit Robots 14 | . 14 Core Hits 9 | . 9 Critical Hits . | . . Critical Kills . | . . Critical Parts Destroyed . | . . Melee Attacks . | . . Impact . | . . Slashing . | . . Piercing . | . . Sneak Attacks . | . . Combat Hostiles . | . . Follow-up Attacks . | . . Damage Inflicted 592 | . 592 Guns 177 | . 177 Cannons . | . . Explosions 411 | . 411 Melee . | . . Ramming 4 | . 4 Kinetic . | . . Thermal 183 | . 183 Explosive 291 | . 291 Electromagnetic 114 | . 114 Impact . | . . Slashing . | . . Piercing . | . . Highest Corruption . | . . Average Corruption . | . . Corruption Purged . | . . Overload Shots . | . . Overflow Damage 43 | . 43 Projectiles . | . . Explosions 43 | . 43 Melee . | . . Knockbacks . | . . Impact . | . . Kinetic . | . . Secondary . | . . Self-Inflicted Damage 245 | . 245 Shots 4 | . 4 Rammed 7 | . 7 Targets Rammed 7 | . 7 Kicked . | . . Crushed . | . . Highest Temperature 129 | . 129 Average Temperature 43 | . 43 Received Heat Transfer 309 | . 309 Siege Activations . | . . Robots Corrupted . | . . Combat Hostiles . | . . Parts Fried . | . . Impact Corruptions . | . . Robots Melted . | . . Combat Hostiles . | . . Parts Melted . | . . Heat Transferred 335 | . 335 Parts Sabotaged . | . . Parts Stolen . | . . Parts Stripped . | . . Power Chain Reactions 2 | . 2 Missiles Intercepted . | . . Alert | -11 -10 ------- Run | Scr Mat Peak Influence 105 | . 105 Average Influence 31 | . 37 Maximum Alert Level . | . . Low Security (%) 100 | 100 100 Level 1 . | . . Level 2 . | . . Level 3 . | . . Level 4 . | . . Level 5 . | . . High Security . | . . Max Security . | . . Squads Dispatched 2 | . 2 Investigation 1 | . 1 Extermination . | . . Reinforcement 1 | . 1 Assault . | . . Garrison . | . . Intercept . | . . Construction Impeded . | . . Haulers Reinforced . | . . Stealth | -11 -10 --------- Run | Scr Mat Distress Signals . | . . Communications Jammed . | . . Distress Signals . | . . Times Spotted 9 | . 9 Peak Tracking Total 5 | . 5 Tactical Retreats 3 | . 3 Traps | -11 -10 ------- Run | Scr Mat Traps Triggered 1 | . 1 Indirectly . | . . Trap Hack Attempts . | . . Triggered . | . . Disarmed . | . . Reprogrammed . | . . Reused . | . . Traps Extracted . | . . Installed . | . . Triggered . | . . Machines | -11 -10 ---------- Run | Scr Mat Machines Disabled 3 | . 3 Max in Single Turn 2 | . 2 Machines Sabotaged . | . . Garrisons Compromised . | . . Overloaded Fab Kills . | . . Fab Network Shutdowns . | . . Hacking | -11 -10 --------- Run | Scr Mat Machines Accessed 1 | . 1 Terminals 1 | . 1 Fabricators . | . . Repair Stations . | . . Recycling Units . | . . Scanalyzers . | . . Garrison Access . | . . Total Hacks 2 | . 2 Successful 2 | . 2 Failed . | . . Catastrophic . | . . Database Lockouts . | . . Manual 2 | . 2 Terminals 2 | . 2 Fabricators . | . . Repair Stations . | . . Recycling Units . | . . Scanalyzers . | . . Garrison Access . | . . Terminal Hacks 1 | . 1 Part Schematic 1 | . 1 Fabricator Hacks . | . . Repair Station Hacks . | . . Recycling Unit Hacks . | . . Scanalyzer . | . . Garrison Access Hacks . | . . Unauthorized Hacks 2 | . 2 Terminals 1 | . 1 Botnet 1 | . 1 Fabricators . | . . Repair Stations . | . . Recycling Units . | . . Scanalyzers . | . . Garrison Access . | . . Data Cores Recovered . | . . Used . | . . Hacking Detections 1 | . 1 Full Trace Events . | . . Feedback Events . | . . Feedback Blocked . | . . Robot Schematics Acquired . | . . Robots Built . | . . Matter . | . . Time . | . . Total Robot Build Rating . | . . Part Schematics Acquired 1 | . 1 Parts Built . | . . Matter . | . . Time . | . . Total Part Build Rating . | . . Parts Repaired . | . . Time . | . . Parts Recycled . | . . Recycled Matter . | . . Retrieved Matter . | . . Retrieved Components . | . . Parts Scanalyzed . | . . Part Schematics Acquired . | . . Parts Damaged . | . . Bothacking | -11 -10 ------------ Run | Scr Mat Used RIF Installer . | . . Robots Hacked . | . . Non-combat . | . . Combat . | . . Robot Hacks Applied . | . . Relay Couplers Released . | . . Robots Rewired . | . . Allies Hacked . | . . Hacks Repelled . | . . Allies | -11 -10 -------- Run | Scr Mat Total Allies . | . . Largest Group . | . . Highest-Rated Group . | . . Highest-Rated Ally . | . . Total Orders . | . . Ally Attacks . | . . Total Damage . | . . Kills . | . . Allies Corrupted . | . . Allies Melted . | . . Intel | -11 -10 ------- Run | Scr Mat Robot Analysis Total . | . . Derelict Logs Recovered . | . . Drone Launches . | . . Drone Recoveries . | . . Exploration | -11 -10 ------------- Run | Scr Mat Turns Passed 248 | 36 212 Spaces Moved 154 | 26 128 Core 1 | 1 . Treads 40 | 1 39 Legs . | . . Wheels 113 | 24 89 Hover . | . . Flight . | . . Fastest Speed 50 | 50 90 Average Speed 107 | 88 111 Slowest Speed 160 | 160 160 Overloaded Moves . | . . Propulsion Burnouts . | . . Robots Hopped . | . . Cave-ins Triggered . | . . Exploration Rate (%) 9 | 3 15 Regions Visited 1 Branch Regions . Pre-discovered Areas . | . . Known Exits Taken . | . . Unknown Exits Taken 1 | 1 . Scrap Searched . | . . Spaces Dug . | . . Terrain Destroyed 61 | . 61 Melee . | . . Projectile . | . . AOE 61 | . 61 Actions | -11 -10 --------- Run | Scr Mat Total 211 | 35 176 Wait 19 | . 19 Move 153 | 25 128 Hop . | . . Pick Up 7 | 4 3 Fast Attach 6 | 6 . Attach 2 | . 2 Detach . | . . Swap . | . . Drop 1 | . 1 Fire 16 | . 16 Melee . | . . Ram . | . . Kick . | . . Crush 7 | . 7 Escape Stasis . | . . Rewire . | . . Trap . | . . Miscellaneous . | . . Route ------- -11/Scrapyard -10/Materials History --------- Turn | Location | Event 13 | -11/Scrapyard | Discovered new exit (range 15) 37 | -11/Scrapyard | Entered Materials 158 | -10/Materials | Core integrity fell below 50% 175 | -10/Materials | Core integrity fell below 20% 207 | -10/Materials | Lost 3 parts (1p1n1w) 249 | -10/Materials | Destroyed by G-34 Mercenary with Small Laser Last Messages --------------- 00182_ The unstable cave ceiling collapses. 00182_ Acquired 10 matter. 00184_ K-01 Serf collects debris. 00185_ R-06 Scavenger collects Aluminum Leg. 00185_ U-05 Engineer lays Concrete. 00187_ U-05 Engineer builds a Wall. 00189_ Acquired 4 matter. 00189_ K-01 Serf collects debris. 00190_ The unstable cave ceiling collapses. 00190_ Acquired 13 matter. 00191_ R-06 Scavenger collects Aluminum Leg. 00193_ U-05 Engineer builds a Wall. 00194_ U-05 Engineer lays Concrete. 00198_ U-05 Engineer builds a Wall. 00200_ U-05 Engineer lays Concrete. 00201_ U-05 Engineer builds a Wall. 00202_ U-05 Engineer lays Concrete. 00236_ Slammed into G-34 Mercenary. 00237_ Lgt. Treads destroyed. 00238_ Slammed into G-34 Mercenary. Map ----- +----------------------------------------------------+ | | | ??????????????????###########????????????????????? | | ??????????????????# #????????????????????? | | ??????????????????# # #????????????????????? | | ?????????????????## ##???????????????????? | | ?????????????????# ????????????????????? | | ?????????????????## ###??????????????????? | | ?????????????????# #??????????????????? | | ?????????????????# #??????????????????? | | ?????????????????# #??????????????????? | | ?????????????????# #??????????????????? | | ?????????????????## #??????????????????? | | ?????????????????# #??????????????????? | | ?????????????????## # #??????????????????? | | ??????????######### # ##########?????????? | | ??????????# %# # #?????????? | | ??????????# """ # # """ #?????????? | | ??????????# """ ## # """ #?????????? | | ??????????# """ # """ #?????????? | | ??????????# + + #?????????? | | ??????????# # # " #?????????? | | ??????????# ####+### # T ===#?????????? | | ??????????# "Y" ## # # " ===#?????????? | | ??????????# """ ## """ # # == #?????????? | | ??????????########### """g# ##########?????????? | | ????????????????????# """@# #??????????????????? | | ????????????????????# g%# #??????????????????? | | ????????????????????# g%%# #??????????????????? | | ????????????????????# # #??????????????????? | | ????????????????????#""" # #??????????????????? | | ????????????????????#"R # #??????????????????? | | ????????????????????#""" # #??????????????????? | | ????????????????????# "" %# #??????????????????? | | ????????????????????# # #??????????????????? | | ????????????????????####### #??????????????????? | | ??????????????????????????# #??????????????????? | | ??????????????????????????# #??????????????????? | | ??????????????????????????# #??????????????????? | | ??????????????????????????# #??????????????????? | | ??????????????????????????# ??????????????????? | | ??????????????????????????/ ??????????????????? | | ?????????????????????????"# ?????????????????? | | ????????????????????????""# ####?????????????????? | | ???????????????????????""?# ?????????????????????? | | ??????????????????????????# ?????????????????????? | | ??????????????????????????# ?????????????????????? | | ??????????????????????????# ?????????????????????? | | ?????????????????????????? ?????????????????????? | | ??????????????????????????#+?????????????????????? | | ?????????????????????????????????????????????????? | +----------------------------------------------------+ Best States ------------- Heat Dissipation 25 Energy Generation 10 Energy Capacity 250 Matter Stores 300 Matter Capacity 300 Sight Range 16 Terrain Scan Density 10 Evasion (%) 44 Recoil Reduction 1 Item Schematics ----------------- Hover Unit | -10/Materials | Hacked Robot Schematics ------------------ None Fabricated ------------ Nothing Alien Tech Used ----------------- None Achievements -------------- None Challenges ------------ None Game ------ Seed IonOmegaBlade Manual? 0 Play Time 00:03:08 Cumulative 592.2 hours Start 2019.12.25 @ 08:31:47 End 2019.12.25 @ 08:33:27 Sessions 1 Manual Loads 0 Difficulty Rogue Special Mode None Game No. 528 Rogue 488 Adventurer 40 Explorer 0 Win Type - Total 38 Types 24/0/12/2/0/0/0 Lore% 84 Gallery% 89 Achievement% 69 Wizard Run 0 Options --------- ASCII 0 Keyboard 0 Movement Numpad Keybinds 0 Fullscreen 0 Font 16/Terminus Map View 76x50 Tactical HUD 1 Map Filters NONE Filters NONE Steam 1 RUN: 8348bba6-c651-4680-8e69-e5179dc28c70